 Dungeon Crawl Stone Soup version 0.16-a0-747-geaeaf20 (webtiles) character file.

145387 Psiweapon the Imperceptible (level 18, -9/107 HPs)
             Began as a Kobold Berserker on Sept 21, 2014.
             Was a High Priest of Trog.
             Killed from afar by Asterion (35 damage)
             ... with an orb of electricity
             ... on Level 3 of the Spider Nest on Sept 23, 2014.
             The game lasted 05:22:23 (45735 turns).

Psiweapon the Imperceptible (Kobold Berserker)     Turns: 45735, Time: 05:22:24

HP  -9/107       AC 20     Str 17      XL: 18   Next:  4%
MP  12/31        EV 27     Int  7      God: Trog [*****.]
Gold 2881        SH  0     Dex 22      Spells:  0 memorised, 17 levels left

rFire  + . .     SeeInvis +     g - +8 arbalest of Chagrin {speed, +Blink Int+2 SInv}
rCold  . . .     Clarity  +     l - +5 ring mail {rF+}
rNeg   . . .     rCorr    .     (no shield)
rPois  +         rRot     .     O - +2 helmet
rElec  .         Spirit   .     v - +0 cloak
SustAb .         Warding  .     (no gloves)
rMut   .         Stasis   .     s - +2 pair of boots
Gourm  .                        E - amulet of faith
MR     +....                    W - +3 ring of evasion
                                j - ring of poison resistance

@: about to teleport, somewhat resistant to hostile enchantments, incredibly
stealthy
A: carnivore 3, clarity, wild magic 1
a: Burn Spellbooks, Berserk, Trog's Hand, Brothers in Arms, Renounce Religion,
Evoke Blink


You were on level 3 of the Spider Nest.
You worshipped Trog.
Trog was extremely pleased with you.
You were very full.

You visited 6 branches of the dungeon, and saw 32 of its levels.
You also visited: Ice Cave.

You collected 3123 gold pieces.
You spent 242 gold pieces at shops.

Inventory:

Hand weapons
 a - a +6 cutlass of venom
 b - a +6 triple crossbow of flaming
 g - the +8 arbalest of Chagrin (weapon) {speed, +Blink Int+2 SInv}
   (Trog gifted it to you on level 1 of the Spider Nest)

   Attacks with this weapon are significantly faster.
   It affects your intelligence (+2).
   It enhances your eyesight.
   It lets you blink.
 L - a +5 antimagic quick blade
 V - a +4 short sword of electrocution
Missiles
 w - 22 bolts of penetration
 z - 145 bolts
 U - 47 silver bolts (quivered)
Armour
 l - a +5 ring mail of fire resistance (worn)
 s - a +2 pair of boots (worn)
 v - a +0 cloak (worn)
 O - a +2 helmet (worn)
Magical devices
 d - a wand of draining (5)
 h - a wand of hasting (3)
 i - a wand of confusion (8)
 k - a wand of digging (10)
 p - a wand of fire (4)
 y - a wand of fire (5)
 D - a wand of enslavement (4)
 F - a wand of cold (10)
 I - a wand of disintegration (18)
 Q - a wand of lightning (8)
 X - a wand of teleportation (2)
 Z - a wand of polymorph (9)
Comestibles
 c - 14 meat rations
 r - 2 rotting chunks of yak flesh
Scrolls
 m - 6 scrolls of magic mapping
 n - a scroll of fog
 t - 4 scrolls of remove curse
 J - 4 scrolls of immolation
 T - 2 scrolls of blinking
 Y - 5 scrolls of teleportation
Jewellery
 j - a ring of poison resistance (left hand)
 E - an amulet of faith (around neck)
 G - an uncursed ring of ice
 P - an uncursed ring of teleportation
 W - a +3 ring of evasion (right hand)
Potions
 e - 8 potions of curing
 f - 3 potions of restore abilities
 o - 2 potions of heal wounds
 q - a potion of cancellation
 u - 6 potions of agility
 x - 2 potions of flight
 B - 9 potions of might
 K - a potion of brilliance
 R - 2 potions of resistance
 S - 2 potions of invisibility
Miscellaneous
 H - a lantern of shadows
 M - a stone of tremors
Rods
 A - a +6 rod of inaccuracy (13/13) {Poacher}
   (You acquired it on level 10 of the Dungeon)


   Skills:
 - Level 10.0 Fighting
 - Level 14.0 Short Blades
   Level 10.2 Slings
 + Level 14.3 Crossbows
 - Level 8.6 Armour
 + Level 12.7 Dodging
 - Level 21.6 Stealth
 - Level 11.5 Evocations


You had 17 spell levels left.
You didn't know any spells.

Dungeon Overview and Level Annotations

Branches:
Dungeon (15/15)            Temple (1/1) D:4             Orc (4/4) D:10
    Elf (0/3) Orc:4          Lair (8/8) D:10         Shoals (0/5) Lair:5
 Spider (3/5) Lair:4        Slime (0/6) Lair:7       Vaults (0/5) D:13
 Depths (1/5) D:15

Altars:
Cheibriados
Dithmenos
Elyvilon
Makhleb
Nemelex Xobeh
Okawaru
Qazlal
Sif Muna
Vehumet
Xom
Yredelemnul
Beogh

Shops:
D:8 %   D:12 *   Orc:4 %[*(:

Portals:
Abyss: Depths:1

Annotations:
D:9 Maurice
Lair:5 exclusion: 3 oklob plants
Spider:1 1 exclusion
Spider:3 Asterion


Innate Abilities, Weirdness & Mutations

You are small and have problems with some larger weapons.
You are carnivorous and can eat meat at any time.
You possess an exceptional clarity of mind.
Your spells are a little harder to cast, but a little more powerful.


Message History

Press: ? - help, Shift-Dir - straight line, f/p - Asterion
Aim: Asterion, wielding a broad axe of flaming, wearing a shiny ring mail and wearing a shield (heavily wounded, fast, chaotic)
You shoot a silver bolt.
Asterion blocks the silver bolt.
Your shadow disappears in a puff of smoke!
Asterion conjures a destructive force in the name of Makhleb!
The orb of electricity explodes!
The orb of electricity engulfs you!
* * * LOW HITPOINT WARNING * * *
What do you say? t - Shout!
Orders for allies: a - Attack new target. p - Attack previous target. r - Retreat! s - Stop attacking. w - Wait here. f - Follow me.
Anything else - Stay silent.
Okay, then.
Read which item? (? for menu, Esc to quit)
As you read the scroll of teleportation, it crumbles to dust.
You feel strangely unstable.
Asterion conjures a destructive force in the name of Makhleb!
The orb of electricity explodes!
The orb of electricity engulfs you!
You die...

..#...........#.#
......#...#......#####
.............#.......#
.....#......#.......#
......#)..^.......^##
.....)......#........# .
.........#...........### >.
...............#.......^# ..
.#.#..#..(#..@....%.....#
.#..........(...(..#...#...#
............(sH#...........#
.............s(.......$...##
...........#.....#......^##
..#.........#(..#........#
....#.#...(..............
............^..#.......#
...^.........#....$....


You could see Asterion, 2 redbacks and a spectral broad axe of flaming.

Vanquished Creatures
  2 emperor scorpions
  Snorg (Lair:8)
  Josephine (Orc:2)
  Fannar (Orc:2)
  6 hydras
  Erica (Lair:6)
  A deep troll earth mage (Depths:1)
  3 death yaks
  4 ogre magi
  2 deep troll shamans (Depths:1)
  A tengu warrior (D:13)
  Urug (Orc:2)
  9 spriggans (Lair:8)
  2 unseen horrors (D:10)
  2 deep trolls (Depths:1)
  2 orb spiders
  An ice statue (IceCv)
  Erolcha (D:9)
  2 orc knights
  4 hill giants
  18 wolf spiders
  A manticore (shapeshifter) (Depths:1)
  4 cyclopes
  2 griffons
  An oklob plant (Lair:8)
  6 orc sorcerers
  4 ugly things
  2 red wasps
  7 elephants
  7 black mambas
  2 manticores
  Joseph (D:9)
  3 gargoyles
  A torpor snail (Spider:2)
  10 spiny frogs
  An efreet (D:14)
  2 tengu conjurers
  2 kobold demonologists (D:13)
  7 komodo dragons
  7 demonic crawlers
  5 wandering mushrooms (Lair:2)
  A merfolk (Lair:5)
  9 trolls
  A spriggan druid (Lair:8)
  13 polar bears
  4 yaktaurs (D:15)
  21 jumping spiders
  11 two-headed ogres
  A fire drake (Lair:8)
  A hydra zombie (D:14)
  6 ravens
  13 blink frogs
  A queen bee (Spider:1)
  A trapdoor spider (shapeshifter) (D:8)
  7 trapdoor spiders
  30 redbacks
  25 tarantellas
  2 basilisks
  63 yaks
  A wyvern (Lair:5)
  A vampire (D:15)
  A hill giant zombie (D:13)
  Eustachio (Orc:2)
  6 deep elf magi
  A human (Spider:1)
  2 shadows
  Grum (Orc:1)
  6 hippogriffs
  A hungry ghost (D:8)
  4 wargs
  10 vampire mosquitoes
  41 wolves
  A mottled dragon (D:11)
  2 soldier ants
  12 porcupines
  19 water moccasins
  4 black bears
  A human skeleton (D:15)
  27 orc warriors
  2 ice beasts
  A phantom (D:7)
  A sky beast (D:13)
  A necrophage (D:11)
  A swamp drake (Orc:3)
  28 spiders
  3 yellow wasps
  16 ogres
  9 crocodiles
  2 boring beetles
  Sigmund (D:2)
  A brain worm (Lair:4)
  19 centaurs
  16 giant frogs
  A big kobold (D:13)
  2 cyclops zombies
  28 scorpions
  3 eyes of draining
  4 electric eels
  2 hippogriff zombies
  33 killer bees
  A troll skeleton (Orc:2)
  A tengu skeleton (D:14)
  12 wights
  A yak skeleton (D:10)
  3 goliath beetles
  A giant frog zombie (D:10)
  2 crimson imps
  A centaur zombie (D:14)
  An iron imp (Orc:3)
  19 jellies
  A quasit (D:8)
  An elf zombie (D:11)
  30 orc priests
  4 hounds
  A black bear skeleton (D:5)
  10 iguanas
  36 orc wizards
  8 worker ants
  11 sheep
  2 mummies
  A worker ant zombie (D:8)
  30 adders
  5 shadow imps
  13 white imps
  14 giant mites (Spider:1)
  63 green rats
  7 worms
  An adder zombie (D:8)
  4 giant geckos
  7 oozes
  192 orcs
  A bat skeleton (D:4)
  A bat zombie (D:4)
  14 giant cockroaches
  21 hobgoblins
  16 jackals
  14 kobolds
  13 quokkas
  2 ball pythons (D:4)
  15 bats
  7 giant newts
  4 giant spores
  23 goblins
  A goblin skeleton (D:4)
  2 goblin zombies (Orc:2)
  A hobgoblin skeleton (D:5)
  An orc simulacrum (Orc:2)
  An orc skeleton (Orc:2)
  3 orc zombies
  A quokka zombie (D:6)
  21 rats
  A rat skeleton (D:6)
  16 ballistomycetes
  3 fungi
1331 creatures vanquished.

Vanquished Creatures (collateral kills)
  A frost giant (IceCv)
  An emperor scorpion (Spider:1)
  An orc warlord (Orc:4)
  The ghost of Execuda the Warrior, a powerful GrBe of Trog (Orc:4)
  8 vault guards (D:13)
  A hydra (Lair:1)
  A centaur warrior (D:13)
  3 death yaks
  A tengu warrior (D:15)
  A deep troll shaman (Depths:1)
  An orc high priest (Orc:4)
  2 catoblepae
  A hill giant (D:13)
  2 orc knights (Orc:4)
  An orc sorcerer (D:15)
  A wolf spider (Spider:1)
  2 griffons
  A cyclops (D:15)
  7 ugly things
  4 elephants (Lair:3)
  A manticore (D:13)
  2 naga magi (D:15)
  A torpor snail (Lair:6)
  2 spiny frogs
  2 komodo dragons
  10 polar bears
  A tengu conjurer (D:15)
  3 jumping spiders
  2 blink frogs (Lair:8)
  2 ravens (D:15)
  4 redbacks
  A shadow (D:15)
  7 yaks
  4 spriggans (Lair:8)
  A wraith (D:15)
  2 vampire mosquitoes (D:13)
  A porcupine (Lair:3)
  3 water moccasins
  6 wolves (Lair:8)
  A spider (Spider:1)
  6 orc warriors
  An orc zombie (D:15)
  A yellow wasp (Lair:8)
  2 black bears (Lair:8)
  A centaur (D:13)
  A boring beetle (Lair:8)
  A scorpion (Spider:3)
  A centaur zombie (D:9)
  A hound (Lair:7)
  4 orc priests
  5 orc wizards (Orc:4)
  A shadow imp (D:10)
  6 green rats
  8 orcs
  A hobgoblin (Orc:4)
137 creatures vanquished.

Vanquished Creatures (others)
  A stone giant (Spider:1)
  A deep troll (IceCv)
  A hill giant (Spider:3)
  2 trolls
  3 two-headed ogres
  41 shadows
  7 ogres
  2 orcs (Orc:3)
  A ballistomycete (D:10)
  19 fungi
  6 plants
84 creatures vanquished.

Grand Total: 1552 creatures vanquished

Notes
Turn   | Place    | Note
--------------------------------------------------------------
     0 | D:1      | Psiweapon, the Kobold Berserker, began the quest for the Orb.
     0 | D:1      | Reached XP level 1. HP: 14/14 MP: 1/1
    70 | D:1      | Reached XP level 2. HP: 16/19 MP: 2/2
    85 | D:1      | Reached skill level 1 in Stealth
   657 | D:1      | Reached XP level 3. HP: 23/23 MP: 3/3
   675 | D:1      | Acquired Trog's second power
  1346 | D:2      | Noticed Sigmund
  1358 | D:2      | Killed Sigmund
  1358 | D:2      | Reached XP level 4. HP: 29/29 MP: 4/4
  1358 | D:2      | Reached XP level 5. HP: 33/33 MP: 5/5
  1690 | D:2      | Found a white marble altar of Elyvilon.
  2024 | D:2      | Found a burning altar of Makhleb.
  2514 | D:3      | Reached XP level 6. HP: 38/38 MP: 6/6
  2819 | D:3      | Found a radiant altar of Vehumet.
  3281 | D:4      | Reached skill level 5 in Short Blades
  3523 | D:4      | Found a staircase to the Ecumenical Temple.
  3531 | Temple   | Entered the Ecumenical Temple
  3777 | D:4      | Reached XP level 7. HP: 44/44 MP: 7/7
  4832 | D:5      | Entered Level 5 of the Dungeon
  4958 | D:5      | Reached skill level 6 in Short Blades
  4961 | D:5      | Acquired Trog's third power
  5024 | D:5      | Noticed an air elemental
  5084 | D:5      | Found a stormy altar of Qazlal.
  5085 | D:5      | Noticed a water elemental
  5085 | D:5      | Noticed a fire elemental
  5207 | D:5      | Reached skill level 5 in Fighting
  5207 | D:5      | Reached skill level 5 in Stealth
  5385 | D:5      | Found a sparkling altar of Nemelex Xobeh.
  5386 | D:5      | Found an iron altar of Okawaru.
  5404 | D:5      | Found a snail-covered altar of Cheibriados.
  5404 | D:5      | Found a basalt altar of Yredelemnul.
  5554 | D:6      | Reached skill level 5 in Dodging
  5753 | D:6      | Reached XP level 8. HP: 49/49 MP: 8/8
  6760 | D:7      | Reached skill level 7 in Short Blades
  6901 | D:7      | Found a shadowy altar of Dithmenos.
  7164 | D:7      | Reached XP level 9. HP: 55/55 MP: 9/9
  7769 | D:8      | Reached skill level 8 in Short Blades
  8378 | D:8      | Found Inaurgh Ginish's Food Boutique.
  8445 | D:8      | Reached skill level 9 in Short Blades
  8465 | D:8      | Gained mutation: Potions and wands are less effective at restoring your health. [potion of mutation]
  8465 | D:8      | Gained mutation: Your mind is acute. (Int +2) [potion of mutation]
  8465 | D:8      | Gained mutation: You are partially covered in rough black scales (AC +4, Dex -1). [potion of mutation]
  8466 | D:8      | Gained mutation: You occasionally shout uncontrollably at your foes. [potion of mutation]
  8466 | D:8      | Gained mutation: You are clumsy. (Dex -2) [potion of mutation]
  8467 | D:8      | Lost mutation: You are clumsy. (Dex -2) [potion of cure mutation]
  8467 | D:8      | Lost mutation: You are partially covered in rough black scales (AC +4, Dex -1). [potion of cure mutation]
  8467 | D:8      | Lost mutation: Your mind is acute. (Int +2) [potion of cure mutation]
  8467 | D:8      | Lost mutation: You occasionally shout uncontrollably at your foes. [potion of cure mutation]
  8467 | D:8      | Lost mutation: Potions and wands are less effective at restoring your health. [potion of cure mutation]
  8468 | D:8      | Gained mutation: Your spells are a little harder to cast, but a little more powerful. [potion of beneficial mutation]
  8469 | D:8      | Gained mutation: You possess an exceptional clarity of mind. [potion of beneficial mutation]
  8884 | D:9      | Noticed a troll
  8886 | D:9      | Reached XP level 10. HP: 61/61 MP: 10/10
  8905 | D:8      | Killed a troll
  9077 | D:9      | Reached skill level 10 in Short Blades
  9096 | D:9      | Noticed Erolcha
  9114 | D:9      | Killed Erolcha
  9114 | D:9      | Reached skill level 10 in Stealth
  9198 | D:9      | Noticed Maurice
  9392 | D:9      | Noticed a troll
  9396 | D:9      | Killed a troll
  9396 | D:9      | Reached skill level 11 in Short Blades
  9399 | D:9      | Noticed Joseph
  9403 | D:9      | Paralysed by Joseph for 5 turns
  9438 | D:9      | Killed Joseph
  9866 | D:10     | Entered Level 10 of the Dungeon
  9866 | D:10     | Noticed a hill giant
  9866 | D:10     | Noticed a hill giant
  9876 | D:10     | Killed a hill giant
  9876 | D:10     | Reached skill level 1 in Crossbows
  9884 | D:10     | Killed a hill giant
  9894 | D:9      | Reached XP level 11. HP: 43/66 MP: 11/11
  9907 | D:9      | Reached skill level 12 in Stealth
 10302 | D:10     | Received a gift from Trog
 10330 | D:10     | Noticed a hill giant
 10357 | D:10     | Killed a hill giant
 10357 | D:10     | Reached skill level 5 in Crossbows
 10856 | D:10     | Found an iron altar of Okawaru.
 11072 | D:11     | Noticed a purple ugly thing
 11086 | D:11     | Killed a purple ugly thing
 11086 | D:11     | Reached skill level 13 in Stealth
 11402 | D:10     | Identified a scroll of acquirement
 11406 | D:10     | Identified a +4 rod of inaccuracy (12/12) (You acquired it on level 10 of the Dungeon)
 11715 | D:6      | Reached skill level 1 in Evocations
 12279 | D:10     | Found a staircase to the Lair.
 12288 | Lair:1   | Entered Level 1 of the Lair of Beasts
 12375 | Lair:1   | Reached skill level 1 in Slings
 12478 | Lair:1   | Noticed a six-headed hydra
 12490 | Lair:1   | Killed a seven-headed hydra
 12744 | Lair:1   | Received a gift from Trog
 13731 | Lair:2   | Received a gift from Trog
 13731 | Lair:2   | Reached XP level 12. HP: 71/71 MP: 19/19
 13786 | Lair:2   | Reached skill level 5 in Evocations
 13802 | Lair:2   | Reached skill level 14 in Stealth
 13860 | Lair:2   | Reached skill level 5 in Slings
 15478 | Lair:3   | Reached skill level 15 in Stealth
 16507 | Lair:4   | Found a hole to the Spider Nest.
 16868 | Lair:4   | Reached XP level 13. HP: 58/76 MP: 25/25
 17193 | Lair:4   | Received a gift from Trog
 18498 | Lair:5   | Reached skill level 16 in Stealth
 18992 | Lair:5   | Found a staircase to the Shoals.
 19340 | Lair:6   | Reached skill level 10 in Evocations
 19540 | Lair:6   | Received a gift from Trog
 19668 | Lair:6   | Noticed Erica
 19910 | Lair:6   | Killed Erica
 20188 | Lair:6   | Reached skill level 10 in Slings
 21206 | Lair:7   | Found a staircase to the Slime Pits.
 21216 | Lair:7   | Reached skill level 17 in Stealth
 21549 | Lair:7   | Reached XP level 14. HP: 73/82 MP: 27/27
 22395 | Lair:7   | Received a gift from Trog
 22793 | Lair:8   | Entered Level 8 of the Lair of Beasts
 23091 | Lair:8   | Noticed Snorg
 23092 | Lair:8   | Killed Snorg
 23241 | Lair:8   | Reached skill level 10 in Dodging
 23244 | Lair:8   | Received a gift from Trog
 23352 | Lair:8   | Received a gift from Trog
 23603 | Lair:8   | Reached skill level 18 in Stealth
 24745 | Lair:8   | Received a gift from Trog
 24956 | Lair:8   | Reached skill level 10 in Fighting
 25180 | Lair:8   | Upgraded the game from 0.16-a0-715-g16937c4 to 0.16-a0-734-gc254e8c
 25686 | Lair:8   | Reached XP level 15. HP: 92/92 MP: 28/28
 26045 | D:10     | Received a gift from Trog
 26533 | D:10     | Killed an unseen horror
 26715 | D:10     | Found a staircase to the Orcish Mines.
 27055 | D:11     | Noticed a cyclops
 27062 | D:11     | Killed a cyclops
 27433 | D:11     | Received a gift from Trog
 27541 | D:12     | Reached skill level 5 in Armour
 27670 | D:12     | Found Naalet's Assorted Antiques.
 27683 | D:12     | Bought a tubular garnet ring for 110 gold pieces
 27683 | D:12     | Bought a scroll of identify for 44 gold pieces
 27683 | D:12     | Bought a brass wand for 88 gold pieces
 27991 | D:12     | Reached skill level 19 in Stealth
 28027 | D:12     | Received a gift from Trog
 28386 | D:13     | Received a gift from Trog
 28474 | D:13     | Found a gate to the Vaults.
 28493 | D:13     | Received a gift from Trog
 28948 | D:13     | Received a gift from Trog
 29898 | D:10     | Received a gift from Trog
 30184 | Orc:1    | Entered Level 1 of the Orcish Mines
 30184 | Orc:1    | Noticed Grum
 30186 | Orc:1    | Found a frozen archway.
 30209 | Orc:1    | Killed Grum
 30283 | IceCv    | Entered an ice cave
 30847 | IceCv    | Received a gift from Trog
 31310 | IceCv    | Reached XP level 16. HP: 80/97 MP: 29/29
 31366 | IceCv    | Noticed a frost giant
 31402 | IceCv    | Killed a frost giant
 31455 | IceCv    | Reached skill level 20 in Stealth
 31470 | IceCv    | Reached skill level 10 in Crossbows
 32292 | Orc:2    | Found a deep blue altar of Sif Muna.
 32333 | Orc:2    | Received a gift from Trog
 32594 | Orc:2    | Noticed Fannar
 32599 | Orc:2    | Killed Fannar
 34229 | Orc:3    | Received a gift from Trog
 34714 | Orc:3    | Received a gift from Trog
 35006 | Orc:2    | Noticed Eustachio
 35010 | Orc:2    | Killed Eustachio
 35120 | Orc:2    | Noticed Josephine
 35145 | Orc:2    | Noticed Urug
 35156 | Orc:2    | Killed Josephine
 35169 | Orc:2    | Killed Urug
 35261 | Orc:2    | Received a gift from Trog
 35410 | Orc:4    | Entered Level 4 of the Orcish Mines
 35410 | Orc:4    | Noticed Execuda's ghost (powerful GrBe)
 35445 | Orc:4    | Killed Execuda's ghost
 35579 | Orc:4    | Received a gift from Trog
 35632 | Orc:4    | Found a staircase to the Elven Halls.
 35641 | Orc:4    | Found Onoa's Food Emporium.
 35770 | Orc:4    | Received a gift from Trog
 35904 | Orc:4    | Received a gift from Trog
 36045 | Orc:4    | Found a roughly hewn altar of Beogh.
 36115 | Orc:4    | Found Losues' General Store.
 36220 | Orc:4    | Found Uhucyack's Book Emporium.
 36273 | Orc:4    | Found Qudair's Antique Weapon Emporium.
 36306 | Orc:4    | Found Psihuwix's Antique Armour Emporium.
 36851 | Spider:1 | Entered Level 1 of the Spider Nest
 37022 | Spider:1 | Received a gift from Trog
 37711 | D:10     | Killed an unseen horror
 38495 | D:15     | Entered Level 15 of the Dungeon
 38552 | D:15     | Received a gift from Trog
 39101 | D:15     | Paralysed by an orc sorcerer for 2 turns
 39130 | D:15     | Reached skill level 21 in Stealth
 39141 | D:15     | Reached XP level 17. HP: 102/102 MP: 30/30
 39467 | D:15     | Found a staircase to the Depths.
 40020 | Depths:1 | Entered Level 1 of the Depths
 40162 | Depths:1 | Found a one-way gate to the infinite horrors of the Abyss.
 40170 | Depths:1 | Received a gift from Trog
 40407 | Depths:1 | Found a gateway to Hell.
 40836 | Spider:1 | Received a gift from Trog
 41284 | Spider:1 | Received a gift from Trog
 42258 | Spider:1 | Received a gift from Trog
 42835 | Spider:1 | Received a gift from Trog
 43216 | Spider:1 | Received a gift from Trog
 43227 | Spider:1 | Got a smoking arbalest {god gift}
 43228 | Spider:1 | Identified the +8 arbalest of Chagrin {speed, +Blink Int+2 SInv} (Trog gifted it to you on level 1 of the Spider Nest)
 43298 | Spider:1 | Got a pair of dazzling boots
 43304 | Spider:1 | Identified the cursed -3 pair of boots of the Shoals {Int+1} (You found it on level 1 of the Spider Nest)
 43591 | Spider:1 | Upgraded the game from 0.16-a0-734-gc254e8c to 0.16-a0-747-geaeaf20
 44981 | Spider:3 | Received a gift from Trog
 45649 | Spider:3 | Reached XP level 18. HP: 107/107 MP: 31/31
 45659 | Spider:3 | Received a gift from Trog
 45704 | Spider:3 | Noticed Asterion
 45735 | Spider:3 | Killed from afar by Asterion

Action                   |  1- 3 |  4- 6 |  7- 9 | 10-12 | 13-15 | 16-18 || total
-------------------------+-------+-------+-------+-------+-------+-------++-------
Melee: Short sword       |   121 |   285 |   506 |   732 |   780 |   184 ||  2608
       Scimitar          |       |       |       |    17 |   142 |    29 ||   188
       Cutlass           |       |       |       |       |    67 |   792 ||   859
       Dagger            |       |       |       |       |    56 |   106 ||   162
       Arbalest          |       |       |       |       |     1 |       ||     1
       Quick blade       |       |       |       |       |       |    16 ||    16
 Fire: Hand crossbow     |       |       |       |    63 |       |       ||    63
       Greatsling        |       |       |       |   139 |   275 |       ||   414
       Blowgun           |       |       |       |       |     7 |       ||     7
       Arbalest          |       |       |       |       |   144 |   248 ||   392
       Triple crossbow   |       |       |       |       |       |   280 ||   280
Throw: Stone             |    13 |     2 |       |       |       |       ||    15
       Tomahawk          |       |       |    28 |     6 |     7 |       ||    41
Invok: Berserk           |     1 |     3 |     6 |     8 |     1 |     1 ||    20
       Trog's Hand       |     1 |     3 |     4 |    15 |     8 |    11 ||    42
       Brothers in Arms  |       |       |     1 |     8 |    12 |    17 ||    38
 Abil: Evoke Blink       |       |       |       |       |       |     2 ||     2
Evoke: Wand              |       |     1 |     4 |    13 |    30 |    13 ||    61
       Rod               |       |       |       |     5 |    54 |    19 ||    78
  Use: Scroll            |       |       |     9 |    19 |    15 |    13 ||    56
       Potion            |       |       |     5 |     3 |     3 |     1 ||    12
 Stab: Sleeping          |     3 |     2 |    20 |    25 |    56 |    31 ||   137
       Distracted        |       |       |       |     5 |     2 |     6 ||    13
       Fleeing           |       |       |       |       |     1 |       ||     1
  Eat: Chunk             |     9 |    12 |    21 |    39 |    47 |    53 ||   181
       Pizza             |       |       |       |     1 |       |     1 ||     2
       Meat ration       |       |       |       |       |     1 |       ||     1
